 Dungeon Crawl Stone Soup version 0.14-a0-836-g5210f43 (webtiles) character file.

2469 PolkaDot the Jinx (level 9, -1/57 HPs)
             Began as a Vampire Enchanter on Nov 12, 2013.
             Was a Believer of Sif Muna.
             Slain by an orc warrior
             ... wielding a +0,+2 orcish glaive
              (14 damage)
             ... on Level 7 of the Dungeon.
             The game lasted 00:35:06 (7723 turns).

PolkaDot the Jinx (Vampire Enchanter)               Turns: 7723, Time: 00:35:07

HP  -1/57        AC  8     Str 12      XL: 9   Next:  9%
MP   3/14        EV 18     Int 19      God: Sif Muna [**....]
Gold 321         SH  0     Dex 20      Spells:  2 memorised,  6 levels left

Res.Fire  : . . .   See Invis. : +   h - +1 dagger (drain)
Res.Cold  : . . .   Warding    : .   r - +0 elf robe
Life Prot.: + . .   Conserve   : .   (no shield)
Res.Poison: +       Res.Corr.  : .   (no helmet)
Res.Elec. : .       Clarity    : .   q - +2 elf cloak
Sust.Abil.: . .     Spirit.Shd : .   b - +0 pair of elf gloves
Res.Mut.  : .       Stasis     : .   s - +1 pair of elf boots
Res.Rott. : .       Flight     : .   (no amulet)
Saprovore : . . .                    (no ring)
                                     A - ring of poison resistance

@: mighty, agile, somewhat resistant to hostile enchantments, extraordinarily
stealthy
A: bottle blood, fangs 3, see invisible, unbreathing, evolution 1
a: Bat Form, Bottle Blood, Channel Energy, Forget Spell, Renounce Religion


You were on level 7 of the Dungeon.
You worshipped Sif Muna.
Sif Muna was pleased with you.
You were not thirsty.

You visited 2 branches of the dungeon, and saw 8 of its levels.

You collected 321 gold pieces.

Inventory:

Hand weapons
 h - a +1,+1 dagger of draining (weapon)
 y - a +2,+1 short sword of freezing
Missiles
 d - 12 darts (quivered)
Armour
 b - a +0 pair of elven gloves (worn)
 q - a +2 elven cloak (worn)
 r - a +0 elven robe (worn)
 s - a +1 pair of elven boots (worn)
 u - a +0 buckler
Magical devices
 e - a wand of enslavement (10)
Scrolls
 a - a scroll of enchant weapon I {unknown}
 g - a scroll of noise {unknown}
 j - a scroll of amnesia {unknown}
 k - a scroll of enchant weapon II {unknown}
 l - a scroll of fog
 m - a scroll of curse armour
 n - a scroll of remove curse
 p - 5 scrolls of identify
 t - a scroll of enchant armour {unknown}
 v - a scroll of teleportation
 B - 2 scrolls of curse jewellery {unknown}
 C - a scroll of blinking {unknown}
Jewellery
 A - a ring of poison resistance (left hand)
Potions
 f - a potion of confusion
 i - a potion of agility
 o - a potion of curing
 w - a potion of restore abilities
 x - a potion of speed
Books
 c - a book of Maledictions

   Spells                             Type                      Level
   *Corona                            Hexes                        1
   Sure Blade                         Hexes/Charms                 2
   Ensorcelled Hibernation            Hexes/Ice                    2
   *Confuse                           Hexes                        3
   Enslavement                        Hexes                        4
   Invisibility                       Hexes                        6


   Skills:
 + Level 7.2 Short Blades
 - Level 0.7 Throwing
 - Level 2.1 Dodging
 + Level 9.6 Stealth
 - Level 1.0 Spellcasting
 * Level 12.1 Hexes


You had 6 spell levels left.
You knew the following spells:

 Your Spells              Type           Power        Failure   Level  Hunger
A - Corona                Hex            #####..      1%          1    ##.....
C - Confuse               Hex            #####...     1%          3    ####...


Dungeon Overview and Level Annotations

Branches:
Dungeon (7/16)             Temple (1/1) D:4
    Orc: D:6-11

Altars:
Ashenzari
Cheibriados
Elyvilon
Fedhas
Kikubaaqudgha
Makhleb
Nemelex Xobeh
Okawaru
Sif Muna
Trog
Vehumet
Xom
Yredelemnul
Zin
the Shining One

Annotations:
D:6 Eustachio


Innate Abilities, Weirdness & Mutations

You can bottle blood from corpses.
You have razor-sharp teeth.*
You have supernaturally acute eyesight.
You can survive without breathing.*
You evolve.+


Message History

You closely miss the orc. You hit the orc.
You kill the orc!
You closely miss the orc. You hit the orc.
The orc is almost dead.
The orc barely misses you.
You puncture the orc!
You kill the orc!
The orc warrior hits you from afar with an orcish glaive!
* * * LOW HITPOINT WARNING * * *
You are too injured to fight recklessly!
You are too injured to fight recklessly!
You are too injured to fight recklessly!
You slash the orc!
You kill the orc!
Drink which item? (? for menu, Esc to quit)
You feel more agile all of a sudden.
The orc warrior hits you from afar with an orcish glaive!
You die...

#.. #.# #####.## ###
#......# ##'#
#......# #...
#.....o###### ######
#... #....Kooo.o(#
#....# #...
#......####)#
#....######...
#.....%#
#@###....##...'...
#......#
#..##.......###...
#......#
##...)...#### #...
##.##### ####%.(.#
#... #.# ###..# ####
#.# ######.#### #.#
#.........######
##'####
#............##.
#.....#
#####.........##..#.


You could see an orc warrior.

Vanquished Creatures
  A troll (D:5)
  A wyvern (D:5)
  4 ogres
  A giant frog (D:6)
  2 orc warriors (D:7)
  A wyvern skeleton (D:4)
  Edmund (D:5)
  A yak zombie (D:7)
  9 wights (D:6)
  A centaur (D:6)
  3 crimson imps
  A goliath beetle (D:6)
  2 orc wizards (D:7)
  A big fish (D:4)
  An orc priest (D:7)
  A water moccasin zombie (D:6)
  A giant frog skeleton (D:7)
  A quasit (D:6)
  A hound (D:7)
  A gnoll sergeant (D:6)
  2 scorpions
  An iguana (D:4)
  A hound skeleton (D:6)
  Terence (D:3)
  7 adders
  A big fish zombie (D:6)
  A giant mite (D:2)
  3 gnolls (D:6)
  12 worms
  A worker ant (D:4)
  An iguana zombie (D:7)
  A giant eyeball (D:7)
  3 giant geckos
  3 oozes
  18 orcs
  2 ball pythons
  15 goblins
  10 hobgoblins
  8 jackals
  22 kobolds
  10 bats
  5 giant cockroaches
  A giant gecko zombie (D:5)
  6 giant newts
  A kobold skeleton (D:6)
  An orc skeleton (D:5)
  6 quokkas
  10 rats
  2 rat skeletons
  2 rat zombies (D:6)
192 creatures vanquished.

Vanquished Creatures (others)
  A wizard (D:6)
1 creature vanquished.

Grand Total: 193 creatures vanquished

Notes
Turn   | Place    | Note
--------------------------------------------------------------
     0 | D:1      | PolkaDot, the Vampire Enchanter, began the quest for the Orb.
     0 | D:1      | Reached XP level 1. HP: 13/13 MP: 4/4
   292 | D:1      | Reached XP level 2. HP: 19/19 MP: 5/5
   995 | D:2      | Reached skill level 5 in Hexes
   995 | D:2      | Reached XP level 3. HP: 17/24 MP: 6/6
  1236 | D:2      | Learned a level 3 spell: Confuse
  1511 | D:2      | Reached XP level 4. HP: 12/30 MP: 4/8
  2273 | D:3      | Noticed Terence
  2392 | D:3      | Killed Terence
  2613 | D:3      | Reached XP level 5. HP: 31/35 MP: 2/9
  2642 | D:3      | Reached skill level 6 in Hexes
  3526 | D:4      | Found a staircase to the Ecumenical Temple.
  3703 | Temple   | Entered the Ecumenical Temple
  3948 | Temple   | Became a worshipper of Sif Muna the Loreminder
  4077 | D:4      | Reached skill level 5 in Stealth
  4077 | D:4      | Reached XP level 6. HP: 41/41 MP: 10/10
  4196 | D:4      | Noticed an ogre
  4207 | D:4      | Killed an ogre
  4207 | D:4      | Reached skill level 7 in Hexes
  4237 | D:4      | Gained mutation: You evolve. [potion of mutation]
  4927 | D:5      | Entered Level 5 of the Dungeon
  4933 | D:5      | Noticed a wyvern
  4939 | D:5      | Noticed Edmund
  4948 | D:5      | Killed a wyvern
  4948 | D:5      | Reached skill level 5 in Short Blades
  4948 | D:5      | Reached skill level 8 in Hexes
  4948 | D:5      | Reached XP level 7. HP: 20/46 MP: 7/11
  4970 | D:5      | Killed Edmund
  5210 | D:5      | Noticed a troll
  5258 | D:5      | Killed a troll
  5258 | D:5      | Acquired Sif Muna's first power
  5258 | D:5      | Reached skill level 9 in Hexes
  5824 | D:6      | Reached XP level 8. HP: 52/52 MP: 2/13
  5960 | D:6      | Reached skill level 10 in Hexes
  6025 | D:6      | Noticed Eustachio
  6221 | D:6      | Found an ancient bone altar of Kikubaaqudgha.
  6451 | D:6      | Found a bloodstained altar of Trog.
  6451 | D:6      | Noticed a wizard
  6457 | D:6      | Killed a wizard
  6629 | D:6      | Reached skill level 11 in Hexes
  6886 | D:6      | HP: 1/52 [wight/great mace (6)]
  6920 | D:6      | Acquired Sif Muna's second power
  7438 | D:7      | Paralysed by a giant eyeball for 2 turns
  7442 | D:7      | Paralysed by a giant eyeball for 2 turns
  7498 | D:7      | Found a shimmering altar of Xom.
  7674 | D:7      | Reached XP level 9. HP: 46/57 MP: 4/14
  7707 | D:7      | Reached skill level 12 in Hexes
  7723 | D:7      | Slain by an orc warrior

Action                   |  1- 3 |  4- 6 |  7- 9 || total
-------------------------+-------+-------+-------++-------
Melee: Dagger            |   142 |   299 |   302 ||   743
       Short sword       |       |       |    10 ||    10
 Cast: Confuse           |     4 |    31 |    46 ||    81
       Corona            |       |     1 |     3 ||     4
Evoke: Wand              |       |     1 |       ||     1
  Use: Potion            |       |     7 |     4 ||    11
       Scroll            |       |     1 |    10 ||    11
 Stab: Sleeping          |     9 |     8 |    15 ||    32
       Confused          |     1 |    13 |    33 ||    47
       Distracted        |       |       |     1 ||     1
